 Dungeon Crawl Stone Soup version 0.25-a0-860-gf695395b5c (webtiles) character file.

Game seed: 10381473192045415519, levelgen mode: deterministic

2529 kae the Arsonist (level 9, -12/60 HPs)
             Began as an Octopode Fire Elementalist on Apr 27, 2020.
             Was an Initiate of Vehumet.
             Mangled by an orc warrior
             ... wielding a +0 halberd
              (18 damage)
             ... on level 6 of the Dungeon.
             The game lasted 00:09:51 (7234 turns).

kae the Arsonist (Octopode Fire Elementalist)       Turns: 7234, Time: 00:09:51

Health: -12/60     AC:  1    Str:  7    XL:     9   Next: 54%
Magic:  5/13       EV: 13    Int: 21    God:    Vehumet [......]
Gold:   261        SH:  0    Dex: 12    Spells: 1/14 levels left

rFire    . . .     SeeInvis .   d - +2 dagger (venom)
rCold    . . .     Gourm    .   (no shield)
rNeg     . . .     Faith    .   (helmet restricted)
rPois    .         Spirit   .   (no amulet)
rElec    .         Reflect  .   (no ring)
rCorr    .         Harm     .   (no ring)
MR       .....                  (no ring)
Stlth    ++++......             (no ring)
HPRegen  0.20/turn              (no ring)
MPRegen  0.13/turn              (no ring)
                                (no ring)
                                (no ring)

@: no status effects
A: almost no armour, stealthy swim, amphibious, 8 rings, constrict 8, camouflage
1, gelatinous body 1
a: Renounce Religion


You were on level 6 of the Dungeon.
You worshipped Vehumet.
Vehumet was noncommittal.
You were not hungry.

You visited 2 branches of the dungeon, and saw 7 of its levels.

You collected 261 gold pieces.

Inventory:

Hand Weapons
 c - a +1 whip of electrocution
 d - a +2 dagger of venom (weapon)
 o - a +2 trident of flaming
 p - a +0 flail of holy wrath
Jewellery
 g - an uncursed amulet of the acrobat {unknown}
Wands
 n - a wand of polymorph (6)
Scrolls
 f - 6 scrolls of teleportation
 i - a scroll of amnesia
 j - 2 scrolls of blinking
 l - 3 scrolls of remove curse
Potions
 a - a potion of might {unknown}
 e - a potion of degeneration {unknown}
 h - a potion of curing
 k - a potion of magic {unknown}
 m - a potion of haste
 q - a potion of stabbing
 r - a potion of resistance {unknown}
Comestibles
 b - 4 rations


   Skills:
 + Level 4.9 Fighting
 - Level 2.0 Dodging
 - Level 5.0 Stealth
 - Level 3.0 Spellcasting
 * Level 8.0 Conjurations
 * Level 8.0 Fire Magic


You had one spell level left.
You knew the following spells:

 Your Spells              Type           Power        Failure   Level  Hunger
a - Foxfire               Conj/Fire      ####         1%          1    None
b - Conjure Flame         Conj/Fire      #####...     1%          3    ###....
c - Sticky Flame          Conj/Fire      #####...     4%          4    ####...
d - Fireball              Conj/Fire      #####.....   14%         5    ######.

Your spell library contained the following spells:

 Spells                   Type           Power        Failure   Level  Hunger
 Inner Flame              Hex/Fire       ###.....     8%          3    ###....


Dungeon Overview and Level Annotations

Branches:
Dungeon (6/15)             Temple (1/1) D:4

Altars:
Ashenzari
Cheibriados
Dithmenos
Elyvilon
Gozag
Hepliaklqana
Kikubaaqudgha
Nemelex Xobeh
Okawaru
Qazlal
Ru
Sif Muna
Trog
Uskayaw
Vehumet
Wu Jian
Xom
Zin
The Shining One

Annotations:
D:4 exclusion: upstairs


Innate Abilities, Weirdness & Mutations

You cannot wear most types of armour.
You are very stealthy in the water. (Stealth+)
You are amphibious.
You can wear up to eight rings at the same time.
You can use your tentacles to constrict eight enemies at once.
Your skin changes colour to match your surroundings (Stealth+).
Your rubbery body absorbs attacks. (AC +1, EV +1)


Message History

Casting: Foxfire (safe; 1% risk of failure)
Confirm with . or Enter, or press ? or * to list all spells.
You conjure some foxfire!
The orc warrior burns!
The orc warrior stops burning.
The orc warrior barely misses you.
The foxfire hits the orc warrior but does no damage.
The orc warrior is heavily wounded.
The foxfire hits the orc warrior.
The orc warrior is severely wounded.
The orc warrior completely misses you.
Casting: Foxfire (safe; 1% risk of failure)
Confirm with . or Enter, or press ? or * to list all spells.
You conjure some foxfire!
The orc warrior hits you with a +0 halberd!!
* * * LOW HITPOINT WARNING * * *
The foxfire hits the orc warrior but does no damage.
The orc warrior is severely wounded.
The foxfire hits the orc warrior.
The orc warrior is almost dead.
The orc warrior hits you with a +0 halberd!!
You die...

############ #
#.....##...## ##
#....§.#....#### ###.
#...<@o>..###.# ##...
#......[...###.####...#
#............#....#.....
##.................#....
###..........#5...##...
#...............##...
#...........##..†....
.............#..[##..
...............###..


You could see an orc warrior.

Vanquished Creatures
  Pikel (D:4)
  Grinder (D:3)
  5 yaks
  A hungry ghost (D:5)
  A sky beast (D:6)
  3 slaves
  An ice beast (D:6)
  3 ogres (D:5)
  A bullfrog (D:6)
  2 scorpions
  A crimson imp (D:5)
  A jelly (D:5)
  Ijyb (D:3)
  An orc wizard (D:4)
  4 worker ants
  4 gnolls (D:5)
  6 adders
  2 shadow imps (D:5)
  An ooze (D:3)
  An adder zombie (D:5)
  An adder skeleton (D:4)
  A worm (D:5)
  3 dart slugs
  4 leopard geckos
  17 orcs
  3 ball pythons
  4 bats
  10 giant cockroaches
  7 goblins
  12 hobgoblins
  4 jackals
  8 kobolds
  4 frilled lizards
  6 rats
125 creatures vanquished.

Vanquished Creatures (others)
  309 foxfires
309 creatures vanquished.

Grand Total: 434 creatures vanquished

Notes
Turn   | Place    | Note
-------+----------+-------------------------------------------
     0 | D:1      | kae the Octopode Fire Elementalist began the quest for the
                  | Orb.
     0 | D:1      | Reached XP level 1. HP: 11/11 MP: 3/3
   155 | D:1      | Reached XP level 2. HP: 8/17 MP: 0/5
   788 | D:1      | Reached XP level 3. HP: 17/21 MP: 4/6
  1117 | D:2      | Found a glowing golden altar of the Shining One.
  1292 | D:2      | Found a white marble altar of Elyvilon.
  1553 | D:2      | Reached XP level 4. HP: 27/27 MP: 2/7
  1885 | D:3      | Noticed Ijyb
  1890 | D:2      | Reached skill level 5 in Stealth
  2333 | D:3      | Killed Ijyb
  2333 | D:3      | Reached XP level 5. HP: 29/31 MP: 4/9
  2578 | D:3      | Noticed Grinder
  2580 | D:3      | Paralysed by Grinder for 4 turns
  2598 | D:3      | Killed Grinder
  2598 | D:3      | Reached skill level 1 in Fighting
  2598 | D:3      | Reached XP level 6. HP: 36/38 MP: 10/10
  2867 | D:3      | Found a snail-covered altar of Cheibriados.
  3129 | D:4      | Noticed a slave
  3130 | D:4      | Noticed Pikel
  3367 | D:4      | Noticed a slave
  3368 | D:4      | Noticed a slave
  3541 | D:4      | Noticed a slave
  3560 | D:4      | Reached XP level 7. HP: 44/44 MP: 9/11
  3581 | D:4      | Learned a level 3 spell: Conjure Flame
  3586 | D:4      | Learned a level 4 spell: Sticky Flame
  3595 | D:4      | Found a staircase to the Ecumenical Temple.
  4139 | Temple   | Entered the Ecumenical Temple
  4270 | Temple   | Became a worshipper of Vehumet
  4406 | D:4      | Killed Pikel
  4406 | D:4      | Reached skill level 5 in Conjurations
  4406 | D:4      | Reached skill level 5 in Fire Magic
  4406 | D:4      | Reached XP level 8. HP: 30/52 MP: 4/12
  4551 | D:4      | Found an ornate altar of the Wu Jian Council.
  4751 | D:5      | Entered Level 5 of the Dungeon
  5024 | D:5      | HP: 2/52 [ogre/+0 giant club (34)]
  5326 | D:5      | Noticed a yak
  5332 | D:5      | Noticed a yak
  5336 | D:5      | Noticed a yak
  5337 | D:5      | Noticed a yak
  5344 | D:4      | Killed a yak
  5536 | D:5      | Noticed a yak
  5548 | D:5      | Killed a yak
  5779 | D:5      | Killed a yak
  5779 | D:5      | Reached XP level 9. HP: 34/58 MP: 8/13
  6738 | D:5      | Found a shadowy altar of Dithmenos.
  6739 | D:5      | Found a hazy altar of Hepliaklqana.
  6822 | D:5      | Learned a level 5 spell: Fireball
  7234 | D:6      | Mangled by an orc warrior

Levels and vault maps discovered:
D:1:      wander_arrival_lonely_grave, layout_basic,
          chequers_serial_rivers_small_b
D:2:      layout_loops_ring, elyvilon_altar_3, overflow_temple_1_default
D:3:      layout_loops_cross, nicolae_overflow_hidden_temple, uniq_ijyb,
          uniq_grinder
D:4:      layout_cave_pools, kennysheep_mini_moat,
          minmay_temple_entry_antechambers, chequers_serial_rivers_marsh,
          uniq_pikel
D:5:      layout_basic, riverfiend_overflow_shadow_ancestor, first_ration
D:6:      layout_cave_pools, fedhas_altar_4
Temple:   dshaligram_water_room_temple

Skill      XL: |  1  2  3  4  5  6  7  8  9 |
---------------+----------------------------+-----
Stealth        | 3 4 5 |  5.0
Conjurations   | 2 4 5 7 8 |  8.0
Spellcasting   | 3 |  3.0
Fighting       | 1 3 4 |  4.9
Fire Magic     | 4 5 7 8 |  8.0
Dodging        | |  2.0

Action                   |  1- 3 |  4- 6 |  7- 9 || total
-------------------------+-------+-------+-------++-------
Melee: Unarmed           |    12 |     3 |       ||    15
       Constrict         |     4 |    15 |    13 ||    32
       Tentacles         |     2 |     6 |    15 ||    23
       Spear             |    11 |    66 |     6 ||    83
       Dagger            |       |       |    76 ||    76
 Cast: Foxfire           |    46 |    53 |    94 ||   193
       Sticky Flame      |       |       |    13 ||    13
       Conjure Flame     |       |       |     1 ||     1
  Use: Scroll            |     1 |       |     6 ||     7
       Potion            |       |     6 |     1 ||     7
 Stab: Sleeping          |     4 |     6 |       ||    10
  Eat: Chunk             |     2 |     6 |     5 ||    13
       Ration            |       |       |     3 ||     3
Armor: Skin              |     5 |     7 |     2 ||    14
Dodge: Dodged            |    18 |    48 |    66 ||   132

Table legend:
 A = Non-vault XP
 B = Vault XP
 C = Vault XP percentage of total XP
 D = Non-vault monster count
 E = Vault monster count
 F = Vault count percentage of total count
                 A         B        C        D         E       F
            +---------+---------+-------+---------+---------+-------
      Total |    2688 |     926 |  25.6 |     119 |       3 |   2.5
            +---------+---------+-------+---------+---------+-------
        D:1 |      46 |       0 |   0.0 |      26 |       0 |   0.0
        D:2 |      74 |       0 |   0.0 |      21 |       0 |   0.0
        D:3 |     103 |     333 |  76.4 |      23 |       2 |   8.0
        D:4 |     394 |     593 |  60.1 |      18 |       1 |   5.3
        D:5 |    1641 |       0 |   0.0 |      24 |       0 |   0.0
        D:6 |     430 |       0 |   0.0 |       7 |       0 |   0.0
            +---------+---------+-------+---------+---------+-------
